 Dungeon Crawl Stone Soup version 0.32-a0-576-g706899e69d (webtiles) character file.

Game seed: 982257935460864238

628 BeKind the Ducker (level 7, 0/48 HPs)
             Began as an Octopode Fighter on Mar 1, 2024.
             Succumbed to a killer bee's poison
             ... on level 4 of the Dungeon.
             The game lasted 00:06:29 (3446 turns).

BeKind the Ducker (Octopode Fighter)                Turns: 3446, Time: 00:06:30

Health: 0/48       AC:  1    Str: 21 (23) XL:     7   Next: 48%
Magic:  3/9        EV: 13    Int:  8 (11) God:
Gold:   216        SH:  4    Dex:  8 (11) Spells: 5/9 levels left

rFire   + . .        v - +1 spear (venom)
rCold   + . .        b - +0 buckler
rNeg    + . .        (helmet restricted)
rPois   +            s - amulet of guardian spirit
rElec   +            f - ring of positive energy
rCorr   +            q - +6 ring of strength
SInv    +            x - ring of resist corrosion
Will    .....        y - ring of see invisible
Stlth   ++           (no ring)
HPRegen 0.28/turn    (no ring)
MPRegen 0.11/turn    (no ring)
                     (no ring)

%: guardian spirit
@: lethally poisoned (0 -> -10), resistant, marked
A: almost no armour, amphibious, 8 rings, camouflage 1, gelatinous body 1,
(nimble swimmer 1), tentacles
a: no special abilities


You were on level 4 of the Dungeon.
You visited 1 branch of the dungeon, and saw 5 of its levels.

You collected 216 gold pieces.

Inventory:

Hand Weapons
 a - a +0 trident
 v - a +1 spear of venom (weapon)
Armour
 b - a +0 buckler (worn)
Jewellery
 f - a ring of positive energy (left tentacle)
 q - a +6 ring of strength (right tentacle)
 s - an amulet of guardian spirit (around mantle)
 x - a ring of resist corrosion (on tentacle)
 y - a ring of see invisible (on tentacle)
Wands
 w - a wand of light (8)
Scrolls
 h - a scroll of blinking {unknown}
 k - 4 scrolls of teleportation
 l - a scroll of enchant armour
 n - a scroll of amnesia
 o - 2 scrolls of vulnerability
 p - a scroll of enchant weapon
 r - 5 scrolls of torment
 z - a scroll of immolation
 A - a scroll of revelation
Potions
 d - a potion of mutation {unknown}
 e - a potion of attraction {unknown}
 j - a potion of brilliance
 m - 2 potions of berserk rage {unknown}
 B - 2 potions of heal wounds {unknown}


   Skills:
 - Level 4.1 Fighting
 + Level 4.1 Polearms
 - Level 4.1 Dodging
 - Level 4.1 Shields
 + Level 1.7 Spellcasting
 - Level 2.0 Conjurations
 + Level 2.0 Fire Magic
 + Level 2.1 Air Magic


You had 5 spell levels left.
You knew the following spells:

 Your Spells              Type           Power      Damage    Failure   Level
a - Foxfire               Conj/Fire      12%        2x1d4     21%         1
b - Swiftness             Air            4%         N/A       50%         3

Your spell library contained the following spells:

 Spells                   Type           Power      Damage    Failure   Level
 Scorch                   Fire           6%         2d5       30%         2
 Necrotise                Necr           0%         1d4       41%         1
 Cigotuvi's Dreadful Rot  Necr/Alch/Air  2%         N/A       45%         2
 Ensorcelled Hibernation  Hex/Ice        0%         N/A       56%         2
 Lesser Beckoning         Tloc           0%         N/A       56%         2
 Dazzling Flash           Conj/Hex       4%         N/A       65%         3
 Volatile Blastmotes      Fire/Tloc      4%         2d10      65%         3
 Gell's Gravitas          Tloc           0%         N/A       80%         3
 Ozocubu's Armour         Ice            0%         N/A       80%         3
 Passwall                 Erth           0%         N/A       80%         3
 Teleport Other           Tloc           0%         N/A       80%         3
 Vampiric Draining        Necr           0%         2d6       80%         3
 Flame Wave               Conj/Fire      3%         2d5       89%         4
 Vhi's Electric Charge    Tloc/Air       4%         N/A       96%         4
 Dispel Undead            Necr           0%         3d6       99%         4
 Martyr's Knell           Necr/Summ      0%         N/A       99%         4
 Arcjolt                  Conj/Air       2%         1d12      99%         5
 Curse of Agony           Necr           0%         N/A       100%        5
 Metabolic Englaciation   Hex/Ice        0%         N/A       100%        5
 Death Channel            Necr           0%         N/A       100%        6
 Plasma Beam              Fire/Air       2%         2x1d12    100%        6
 Sculpt Simulacrum        Ice/Alch       0%         N/A       100%        6
 Starburst                Conj/Fire      1%         6d3       100%        6
 Summon Cactus Giant      Summ           0%         N/A       100%        6
 Maxwell's Capacitive Co  Air            2%         ∞         100%        8


Dungeon Overview and Level Annotations

Branches:
Dungeon (5/15)
 Temple: D:4-7

Altars:
Okawaru
Zin

Shops:
D:1 =   D:2 [   D:5 =

Annotations:
D:5 Blork the orc, Duvessa


Innate Abilities, Weirdness & Mutations

You cannot wear most types of armour.
You are amphibious.
You can wear up to eight rings at the same time.
Your skin changes colour to match your surroundings (Stealth+).
Your rubbery body absorbs attacks. (AC +1, EV +1)
((You are camouflaged when in or above water. (Stealth+)))
You have tentacles for arms and can constrict up to eight enemies at once.


Message History

Blork the orc gestures at you while chanting.
The magic dart hits you!
You see here a +0 dagger.
A killer bee comes into view.
A killer bee comes into view.
A killer bee comes into view.
The killer bee attacks as it pursues you!
The killer bee barely misses you. The killer bee stings you.
The killer bee stings you.
You are poisoned.
The killer bee poisons you!
You feel sick.
The killer bee attacks as it pursues you!
The killer bee barely misses you.
You feel sick. The killer bee stings you!
You are more poisoned.
The killer bee poisons you!
There is a stone staircase leading up here.
You feel very sick. The killer bee misses you. The killer bee stings you.
The killer bee closely misses you. The killer bee stings you.
* * * LOW HITPOINT WARNING * * *
You are lethally poisoned!
The killer bee poisons you!
You climb upwards.
* * * LOW HITPOINT WARNING * * *
You feel very sick.
There is a stone staircase leading down here.
It was a potion of degeneration.
There was something very wrong with that liquid.
You feel weakened.
You feel dopey.
You feel clumsy.
* * * LOW HITPOINT WARNING * * *
You feel very sick. The killer bee stings you.
* * * LOW HITPOINT WARNING * * *
The killer bee closely misses you. x2
The killer bee stings you but does no damage.
It was a potion of resistance.
You feel protected.
You die...

#...............................
#.....#...##......##.####.......
#.....#...#........#.#####......
###.##.............#...###....#.
#................###.#...####.
##.................#.#.### ##
#...............#.#...# #
#...........y...#...###
#####..........y@.....#..#####
....#...............#.##..##.#
....................#........#
....##.............##........#
......#............##.......>##
#####...........÷)............###
######.#.......##......#.....
#.#.#................##.
##.#.#.##.............##.


You could see 2 killer bees.

Vanquished Creatures
  Prince Ribbit (D:5)
  A black bear (D:4)
  A bullfrog (D:4)
  A scorpion (D:4)
  A bombardier beetle (D:4)
  A hound (D:4)
  Jessica (D:3)
  Terence (D:2)
  A gnoll (D:1)
  2 adders
  2 dart slugs
  2 orcs
  5 bats
  4 endoplasms
  2 giant cockroaches
  6 goblins
  11 hobgoblins
  4 jackals (D:5)
  6 kobolds
  2 quokkas
  3 ball pythons
  A frilled lizard (D:1)
  7 rats
66 creatures vanquished.

Vanquished Creatures (others)
  A foxfire (D:2)
1 creature vanquished.

Grand Total: 67 creatures vanquished

Notes
Turn   | Place    | Note
-------+----------+-------------------------------------------
     0 | D:1      | BeKind the Octopode Fighter began the quest for the Orb.
     0 | D:1      | Reached XP level 1. HP: 16/16 MP: 1/1
   137 | D:1      | Reached XP level 2. HP: 21/21 MP: 2/2
   245 | D:1      | Reached XP level 3. HP: 23/26 MP: 3/3
   592 | D:1      | Found Hesen's Jewellery Shoppe.
  1111 | D:2      | Found Ceilemec's Armour Shop.
  1211 | D:2      | Noticed Terence
  1214 | D:2      | Killed Terence
  1215 | D:2      | Reached XP level 4. HP: 31/31 MP: 4/4
  1630 | D:2      | Learned a level 1 spell: Foxfire
  1671 | D:2      | Found a faded altar of an unknown god.
  2033 | D:3      | Noticed Jessica
  2037 | D:3      | Killed Jessica
  2038 | D:3      | Reached XP level 5. HP: 37/37 MP: 5/5
  2096 | D:3      | Found an iron altar of Okawaru.
  2616 | D:4      | Found a glowing silver altar of Zin.
  2818 | D:4      | Noticed a black bear
  2824 | D:4      | Reached skill level 1 in Conjurations
  2828 | D:4      | Killed a black bear
  2829 | D:4      | Reached XP level 6. HP: 39/43 MP: 4/6
  2837 | D:4      | Learned a level 3 spell: Swiftness
  3014 | D:4      | Reached skill level 1 in Air Magic
  3082 | D:4      | Reached skill level 1 in Fire Magic
  3218 | D:5      | Entered Level 5 of the Dungeon
  3225 | D:5      | Noticed Prince Ribbit
  3235 | D:5      | Killed Prince Ribbit
  3236 | D:5      | Reached skill level 1 in Spellcasting
  3236 | D:5      | Reached XP level 7. HP: 24/48 MP: 3/9
  3346 | D:5      | Found Emiaj's Jewellery Boutique.
  3425 | D:5      | Noticed Blork the orc
  3425 | D:5      | Noticed Duvessa
  3445 | D:4      | HP: 2/48 [killer bee (1)]
  3446 | D:4      | Succumbed to a killer bee's poison

Illustrated notes

Levels and vault maps discovered:
D:1:      erik_arrival_triangle_small, layout_loops_ring,
          serial_co_window_serial, co_window_corner_a, co_window_paths_a,
          co_window_paths_b, co_window_of_opportunity_a, co_window_paths_a,
          co_window_of_opportunity_a, co_window_paths_b, co_window_2corner,
          co_window_corner_cb, co_window_2corner, co_window_cross_3,
          co_window_sun, co_window_paths_d, serial_shops,
          nicolae_shop_gaudy_bauble, skrybe_limestone_x
D:2:      minmay_wonky_spiral, layout_loops_corners, serial_shops, shop,
          nicolae_ecumenical_oubliette, uniq_terence
D:3:      layout_loops_cross, okawaru_trees_2, uniq_jessica
D:4:      layout_rooms, overflow_temple_1_default, minmay_small_thing
D:5:      layout_loops_cross, nicolae_ru_the_path_less_chosen, serial_shops,
          shop, uniq_prince_ribbit1, uniq_duvessa, uniq_blork_the_orc

Skill      XL: |  1  2  3  4  5  6  7 |
---------------+----------------------+-----
Polearms       | 3 4 |  4.1
Conjurations   | 1 2 |  2.0
Fighting       | 4 |  4.1
Dodging        | 4 |  4.1
Shields        | 4 |  4.1
Air Magic      | 2 |  2.1
Fire Magic     | 1 2 |  2.0
Spellcasting   | 1 |  1.7

Action                     |  1- 3 |  4- 6 |  7- 9 || total
---------------------------+-------+-------+-------++-------
  Melee: Trident           |    43 |    25 |       ||    68
         Tentacles         |     9 |     8 |     1 ||    18
         Constrict         |     9 |     9 |     1 ||    19
         Spear             |       |    43 |     5 ||    48
   Cast: Foxfire           |       |     1 |       ||     1
    Use: Scroll            |       |    11 |       ||    11
         Potion            |       |     1 |     2 ||     3
   Stab: Sleeping          |     7 |     6 |     1 ||    14
         Distracted        |       |     1 |       ||     1
 Armour: Skin              |    13 |    23 |     9 ||    45
  Dodge: Dodged            |    11 |    15 |     6 ||    32
  Block: Buckler           |     2 |     4 |       ||     6

Table legend: (Time is in decaauts)
 A = Elapsed time spent in this place.
 B = Non-inter-level travel time spent in this place.
 C = Inter-level travel time spent in this place.
 D = Time resting spent in this place.
 E = Time spent auto-exploring this place.
 F = Levels seen in this place.
 G = Mean time per level.
                   A        B        C        D        E       F      G
               +--------+--------+--------+--------+--------+-----+--------+
         Total |   3456 |   3269 |    187 |     83 |   2705 |   5 |  691.2 |
       Dungeon |   3456 |   3269 |    187 |     83 |   2705 |   5 |  691.2 |
               +--------+--------+--------+--------+--------+-----+--------+

Top non-repeatable levels by time:
     D:1: 1023 daAuts
     D:2: 878 daAuts
     D:3: 798 daAuts
     D:4: 530 daAuts
     D:5: 224 daAuts
